 Dungeon Crawl Stone Soup version 0.25.1-2-g60ff931df9 (webtiles) character file.

Game seed: 11538952526219071616

14462 Mitsuki the Destroyer (level 11, -9/64 HPs)
             Began as a Deep Elf Conjurer on Aug 4, 2020.
             Was an Elder of Vehumet.
             Mangled by a six-headed hydra (13 damage)
             ... on level 3 of the Lair of Beasts on Aug 5, 2020.
             The game lasted 01:30:45 (14407 turns).

Mitsuki the Destroyer (Deep Elf Conjurer)          Turns: 14407, Time: 01:30:46

Health: -9/64      AC:  9    Str:  7    XL:     11   Next: 89%
Magic:  22/22      EV: 21    Int: 22    God:    Vehumet [****..]
Gold:   295        SH:  6    Dex: 21    Spells: 10/22 levels left

rFire    + . .     SeeInvis .   w - +4 scimitar (holy)
rCold    x . .     Gourm    .   p - +0 buckler
rNeg     + . .     Faith    .   x - +2 robe {rN+}
rPois    .         Spirit   .   b - +0 helmet
rElec    .         Reflect  .   v - +0 cloak {Stlth+}
rCorr    .         Harm     .   h - +2 pair of gloves
MR       +....                  (no boots)
Stlth    ++........             r - amulet of regeneration
HPRegen  0.60/turn              y - +6 ring of dexterity
MPRegen  0.18/turn              O - ring of fire

@: no status effects
A: no striking features
a: Renounce Religion


You were on level 3 of the Lair of Beasts.
You worshipped Vehumet.
Vehumet was greatly pleased with you.
You were hungry.

You visited 2 branches of the dungeon, and saw 13 of its levels.
You also visited: Sewer.

You collected 785 gold pieces.
You spent 490 gold pieces at shops.

Inventory:

Hand Weapons
 w - a +4 scimitar of holy wrath (weapon)
 G - a +0 whip of flaming
Missiles
 H - a throwing net (quivered)
Armour
 b - a +0 helmet (worn)
 h - a +2 pair of gloves (worn)
 p - a +0 buckler (worn)
 v - a +0 cloak of stealth (worn)
 x - a +2 robe of positive energy (worn)
Jewellery
 r - an amulet of regeneration (around neck)
 y - a +6 ring of dexterity (left hand)
 K - an uncursed ring of stealth
 L - an uncursed ring of protection from magic
 O - a ring of fire (right hand)
Wands
 n - a wand of digging (6)
 q - a wand of clouds (2)
 N - a wand of iceblast (16)
 S - a wand of paralysis (9)
Scrolls
 e - 4 scrolls of remove curse
 f - 2 scrolls of fog {unknown}
 g - 3 scrolls of teleportation {unknown}
 j - 2 scrolls of immolation {unknown}
 k - 3 scrolls of enchant weapon
 l - 2 scrolls of enchant armour {unknown}
 o - a scroll of blinking {unknown}
 s - a scroll of random uselessness {unknown}
 A - a scroll of holy word {unknown}
 B - 2 scrolls of fear {unknown}
 D - a scroll of noise {unknown}
 P - a scroll of identify
 Q - a scroll of summoning {unknown}
Potions
 a - 2 potions of magic {unknown}
 d - a potion of brilliance {unknown}
 i - 2 potions of flight
 m - 3 potions of stabbing
 t - a potion of berserk rage {unknown}
 u - 2 potions of might
 z - 3 potions of lignification
 C - 2 potions of curing
 E - a potion of mutation {unknown}
 F - 2 potions of heal wounds {unknown}
 I - 2 potions of degeneration {unknown}
 J - 2 potions of haste
 M - a potion of resistance {unknown}
Comestibles
 c - 24 rations


   Skills:
 - Level 6.0 Fighting
 - Level 10.0 Dodging
 - Level 2.4 Stealth
 - Level 4.0 Shields
 + Level 6.3 Spellcasting
 + Level 11.5 Conjurations
 + Level 4.1 Charms
 * Level 11.3 Fire Magic


You had 10 spell levels left.
You knew the following spells:

 Your Spells              Type           Power        Failure   Level  Hunger
a - Magic Dart            Conj           ####         1%          1    None
b - Searing Ray           Conj           ######       1%          2    None
c - Foxfire               Conj/Fire      ####         1%          1    None
d - Shock                 Conj/Air       ####         1%          1    None
e - Swiftness             Chrm/Air       ###.....     6%          2    None
f - Fireball              Conj/Fire      ######....   1%          5    #####..

Your spell library contained the following spells:

 Spells                   Type           Power        Failure   Level  Hunger
 Static Discharge         Conj/Air       ####....     1%          3    #......
 Conjure Flame            Conj/Fire      ######..     1%          3    #......
 Dazzling Flash           Conj/Hex       ####..       1%          3    #......
 Inner Flame              Hex/Fire       #####...     1%          3    #......
 Sticky Flame             Conj/Fire      ######..     1%          4    ###....
 Fulminant Prism          Conj/Hex       ####......   2%          4    ###....
 Iskenderun's Mystic Bla  Conj/Tloc      ####....     2%          4    ###....
 Lightning Bolt           Conj/Air       ####......   6%          5    #####..
 Corona                   Hex            #......      9%          1    None
 Ensorcelled Hibernation  Hex/Ice        #.....       14%         2    None
 Airstrike                Air            #.........   22%         4    ###....
 Confusing Touch          Hex            #.......     26%         3    #......
 Tukima's Dance           Hex            #.......     26%         3    #......


Dungeon Overview and Level Annotations

Branches:
Dungeon (10/15)            Temple (0/1) D:5            Lair (3/6) D:9
 Shoals (0/4) Lair:2        Sewer (visited)
  Snake: Lair:2-4    Spider: Lair:2-4       Orc: D:9-12

Altars:
Dithmenos
Elyvilon
Kikubaaqudgha
Qazlal
Ru
Sif Muna
Trog
Uskayaw
Vehumet
Xom
Yredelemnul
Zin
The Shining One

Shops:
D:5 !   D:6 :   D:9 *

Portals:
Gauntlet: Lair:3

Annotations:
D:10 Nergalle, Sonja


Message History

* * * LOW HITPOINT WARNING * * *
The six-headed hydra completely misses you.
You take 27 damage, and have 10/64 hp.
MASSIVE DAMAGE!!
The six-headed hydra misses you.
The six-headed hydra completely misses you.
You block the six-headed hydra's attack.
The six-headed hydra bites you.
* * * LOW HITPOINT WARNING * * *
The six-headed hydra bites you but does no damage.
The six-headed hydra completely misses you.
There is a gate leading to a gauntlet here.
Beware, the minotaur awaits!
You block the six-headed hydra's attack.
The six-headed hydra misses you. The six-headed hydra barely misses you.
The six-headed hydra bites you.
* * * LOW HITPOINT WARNING * * *
The six-headed hydra bites you.
* * * LOW HITPOINT WARNING * * *
The six-headed hydra bites you!
You die...

#...( #...# .#
#.(.## ..# ...
#....# ...#
#...####..#
#...#
..........##
#...
.....#...<.###..
...
##....##D###..#
. #......@.....#
##...........#
#...P###....#
#...## .t(.#
#....# ...#
##.... ...#
#....# ..#
#....# ..#


You could see a six-headed hydra and a crocodile.

Vanquished Creatures
  A two-headed ogre (D:8)
  Pikel (D:6)
  3 oklob plants (Lair:2)
  A black mamba (Lair:2)
  Joseph (D:7)
  4 spiny frogs
  2 komodo dragons
  Prince Ribbit (D:7)
  Grinder (D:3)
  4 blink frogs (Lair:1)
  3 hippogriffs
  6 yaks (D:9)
  Eustachio (D:6)
  Edmund (D:3)
  6 water moccasins
  2 sky beasts (D:9)
  10 porcupines
  Purgy (Sewer)
  3 black bears (D:9)
  3 orc warriors
  A slave (D:6)
  An ice beast (D:9)
  2 necrophages
  2 phantoms
  An eye of draining (D:9)
  4 centaurs
  3 ogres
  2 wolves (D:9)
  9 crocodiles
  Blork the orc (D:4)
  A big kobold (D:9)
  5 bullfrogs
  A wyvern skeleton (D:8)
  A scorpion (D:9)
  5 wights (D:7)
  A howler monkey (D:5)
  2 electric eels
  6 crimson imps
  A quasit (D:9)
  2 centaur zombies
  2 bullfrog zombies
  A jelly (D:6)
  6 orc wizards
  Crazy Yiuf (D:3)
  5 orc priests
  A bullfrog skeleton (D:4)
  3 hounds
  3 iguanas
  10 worker ants
  A killer bee zombie (D:6)
  A hound skeleton (D:6)
  Robin (D:4)
  10 gnolls
  9 adders
  3 shadow imps
  An ooze (D:3)
  An adder skeleton (D:9)
  7 worms
  3 leopard geckos
  15 orcs
  2 giant cockroaches
  A hobgoblin (D:3)
  11 jackals
  4 quokkas
  4 ball pythons
  12 bats
  4 frilled lizards
  17 goblins
  5 kobolds
  2 quokka skeletons
  9 rats
  A spectral orc (D:7)
  3 plants
265 creatures vanquished.

Vanquished Creatures (others)
  A worker ant (D:6)
  A leopard gecko (D:6)
  107 foxfires
  A fungus (Lair:1)
  2 plants
112 creatures vanquished.

Grand Total: 377 creatures vanquished

Notes
Turn   | Place    | Note
-------+----------+-------------------------------------------
     0 | D:1      | Mitsuki the Deep Elf Conjurer began the quest for the Orb.
     0 | D:1      | Reached XP level 1. HP: 10/10 MP: 6/6
   402 | D:1      | Reached XP level 2. HP: 15/15 MP: 5/8
   952 | D:2      | Found a faded altar of an unknown god.
  1100 | D:2      | Found a shadowy altar of Dithmenos.
  1267 | D:2      | Reached skill level 5 in Conjurations
  1443 | D:2      | Learned a level 2 spell: Searing Ray
  1687 | D:3      | Found a runed translucent door.
  1688 | D:3      | Noticed Crazy Yiuf
  1703 | D:3      | Reached XP level 3. HP: 15/19 MP: 7/10
  1709 | D:3      | Noticed a +0 dagger
  1709 | D:3      | Noticed a +0 hand axe
  1717 | D:3      | Found a glowing drain.
  1726 | Sewer    | Entered a sewer
  1820 | Sewer    | Noticed Purgy
  1851 | Sewer    | Killed Purgy
  1851 | Sewer    | Reached XP level 4. HP: 24/24 MP: 0/12
  1999 | D:3      | Found an ancient bone altar of Kikubaaqudgha.
  2009 | D:3      | Reached XP level 5. HP: 22/28 MP: 11/14
  2149 | D:3      | Found a hide-covered altar of Uskayaw.
  2315 | D:3      | Found a sacrificial altar of Ru.
  2383 | D:3      | Noticed Grinder
  2388 | D:3      | Killed Grinder
  2388 | D:3      | Reached skill level 1 in Fighting
  2388 | D:3      | Reached skill level 5 in Spellcasting
  2388 | D:3      | Reached XP level 6. HP: 34/34 MP: 7/15
  2987 | D:3      | Found a radiant altar of Vehumet.
  2993 | D:3      | Found a shimmering blue altar of Sif Muna.
  3000 | D:3      | Identified Vehumet's Disquisition on Conjuration
  3022 | D:3      | Became a worshipper of Vehumet
  3074 | D:3      | Found a glowing golden altar of the Shining One.
  3074 | D:3      | Found a stormy altar of Qazlal.
  3309 | D:3      | Killed Crazy Yiuf
  3410 | D:4      | Reached XP level 7. HP: 38/38 MP: 9/16
  3556 | D:4      | Reached skill level 1 in Shields
  3562 | D:4      | Noticed Robin
  3806 | D:4      | Noticed Blork the orc
  3812 | D:4      | Killed Blork the orc
  4116 | D:4      | Killed Robin
  4450 | D:4      | Noticed Edmund
  4489 | D:3      | Killed Edmund
  4489 | D:3      | Reached XP level 8. HP: 31/45 MP: 2/17
  4739 | D:4      | Noticed a moth of wrath
  4743 | D:4      | Found a bloodstained altar of Trog.
  4752 | D:4      | Reached * piety under Vehumet
  4752 | D:4      | Offered knowledge of Foxfire by Vehumet.
  4755 | D:4      | Learned a level 1 spell: Foxfire
  4933 | D:5      | Entered Level 5 of the Dungeon
  5013 | D:5      | Found a white marble altar of Elyvilon.
  5025 | D:5      | Reached skill level 1 in Fire Magic
  5156 | D:5      | Reached skill level 5 in Dodging
  5403 | D:5      | Found a staircase to the Ecumenical Temple.
  5528 | D:5      | Found Zilouqi's Distillery.
  6059 | D:6      | Found Dolakledgh's Book Shoppe.
  6062 | D:6      | Noticed Pikel
  6069 | D:6      | Killed Pikel
  6069 | D:6      | Reached XP level 9. HP: 45/51 MP: 13/18
  6087 | D:6      | Found a shimmering altar of Xom.
  6267 | D:6      | Noticed Eustachio
  6331 | D:6      | Killed Eustachio
  6331 | D:6      | Reached skill level 5 in Fire Magic
  6981 | D:7      | Reached ** piety under Vehumet
  6981 | D:7      | Offered knowledge of Freeze by Vehumet.
  7051 | D:7      | Noticed Joseph
  7294 | D:7      | Noticed Prince Ribbit
  7320 | D:7      | Killed Prince Ribbit
  7489 | D:7      | Found a basalt altar of Yredelemnul.
  7617 | D:7      | You fall into a shaft and drop 1 floor!
  8054 | D:8      | Noticed a two-headed ogre
  8062 | D:8      | Killed a two-headed ogre
  8062 | D:8      | Reached skill level 10 in Conjurations
  8062 | D:8      | Reached XP level 10. HP: 58/58 MP: 10/19
  9232 | D:9      | Reached skill level 5 in Fighting
  9236 | D:9      | Found a glowing silver altar of Zin.
  9275 | D:9      | Offered knowledge of Ignite Poison by Vehumet.
  9485 | D:9      | Found a staircase to the Lair.
  9706 | D:9      | Reached *** piety under Vehumet
 10188 | D:9      | Reached XP level 11. HP: 64/64 MP: 10/20
 10195 | D:9      | Offered knowledge of Static Discharge by Vehumet.
 10786 | D:9      | Found Awoha's General Store.
 10930 | D:7      | Killed Joseph
 11080 | D:10     | Entered Level 10 of the Dungeon
 11124 | D:10     | Learned a level 1 spell: Shock
 11189 | D:10     | Noticed Nergalle
 11260 | Lair:1   | Entered Level 1 of the Lair of Beasts
 11622 | Lair:1   | Reached skill level 10 in Fire Magic
 12742 | D:10     | Noticed Sonja
 12844 | Lair:1   | Learned a level 2 spell: Swiftness
 12947 | D:6      | Bought a book of Flames for 490 gold pieces
 12953 | D:6      | Learned a level 5 spell: Fireball
 13322 | Lair:2   | Reached skill level 1 in Charms
 13625 | Lair:2   | Found a staircase to the Shoals.
 13851 | Lair:2   | Noticed an oklob plant
 14042 | Lair:2   | Noticed an oklob plant
 14064 | Lair:2   | Noticed an oklob plant
 14080 | Lair:2   | Killed an oklob plant
 14227 | Lair:2   | Killed an oklob plant
 14227 | Lair:2   | Reached skill level 10 in Dodging
 14237 | Lair:2   | Killed an oklob plant
 14373 | Lair:3   | Reached **** piety under Vehumet
 14397 | Lair:3   | Found a gate leading to a gauntlet.
 14402 | Lair:3   | Noticed a six-headed hydra
 14407 | Lair:3   | Mangled by a six-headed hydra

Illustrated notes

Levels and vault maps discovered:
D:1:      elethiomel_arrival_maze, layout_rooms
D:2:      layout_loops_ring, lemuel_coloured_pillars_altar,
          chequers_ecumenical_altar_island, grunt_decor_mini_mirrors,
          nrook_mini_vaults
D:3:      layout_basic, grunt_temple_overflow_magic_moments,
          dancing_weapons_uskayaw, nicolae_overflow_crystal_walls, minitemple,
          cheibrodos_sewer_entry_sluice, first_ration, uniq_grinder,
          uniq_crazy_yiuf_cottage
D:4:      layout_cave_pools, tgw_trog, grunt_decor_fettered, uniq_robin,
          uniq_blork_the_orc, uniq_edmund
D:5:      layout_loops_ring, minmay_temple_entry_statues_pillars, serial_shops,
          shop, elyvilon_altar_5
D:6:      layout_loops_cross, kennysheep_mini_moat, serial_shops,
          nicolae_shop_behind_doors, kennysheep_small_circle, uniq_eustachio,
          uniq_pikel
D:7:      layout_loops_ring, yredelemnul_forgotten_temple_becter, uniq_joseph,
          uniq_prince_ribbit1
D:8:      layout_cave_pods, grunt_ogre_cave
D:9:      layout_stronghold, lemuel_round_altar, minmay_lair_entry_grove,
          serial_shops, shop_fountains, enter_bailey_3
D:10:     layout_basic, hiddenorc1_lemuel, uniq_nergalle, uniq_sonja, uniq_erica
Lair:1:   layout_cave_pods, serial_bayou_shore_a
Lair:2:   layout_loops_ring, elwin_shoals_entry_rooms, minmay_lair_oklob_chamber
Lair:3:   layout_concentric_octagons, guppyfry_snake_entry_garden,
          gauntlet_entry_generic

Skill      XL: |  1  2  3  4  5  6  7  8  9 10 11 |
---------------+----------------------------------+-----
Conjurations   | 5 6 7 8 9 10 11 | 11.5
Spellcasting   | 4 5 6 |  6.3
Fighting       | 1 2 3 4 5 6 |  6.0
Dodging        | 3 4 6 7 8 10 | 10.0
Shields        | 2 3 4 |  4.0
Fire Magic     | 4 7 9 11 | 11.3
Charms         | 4 |  4.1
Stealth        | |  2.4

Action                   |  1- 3 |  4- 6 |  7- 9 | 10-12 || total
-------------------------+-------+-------+-------+-------++-------
Melee: Dagger            |       |    12 |       |       ||    12
       Scimitar          |       |       |    66 |   131 ||   197
       Whip              |       |       |    11 |     5 ||    16
 Cast: Magic Dart        |    48 |    51 |   185 |   187 ||   471
       Searing Ray       |     2 |     6 |    23 |    40 ||    71
       Foxfire           |       |       |    11 |    53 ||    64
       Fireball          |       |       |       |    12 ||    12
       Swiftness         |       |       |       |     1 ||     1
Evoke: Wand              |       |       |     1 |       ||     1
  Use: Scroll            |       |       |     1 |     9 ||    10
       Potion            |       |       |       |     1 ||     1
 Stab: Sleeping          |       |       |       |     2 ||     2
  Eat: Chunk             |     1 |     3 |    11 |     9 ||    24
       Ration            |     1 |       |     1 |     4 ||     6
Armor: Robe              |     4 |     5 |    39 |    29 ||    77
Dodge: Dodged            |    17 |    18 |   136 |   195 ||   366
Block: Buckler           |       |     1 |    52 |    67 ||   120
       Rpst.: Scimitar   |       |       |    40 |    46 ||    86
